 Dungeon Crawl Stone Soup version 0.18.1-48-g4cf74bf (webtiles) character file.

142 saintsgambit the Twirler (level 5, 0/45 HPs)
             Began as a Minotaur Gladiator on July 4, 2016.
             Slain by an orc wizard
             ... wielding a +0 dagger
              (1 damage)
             ... on level 3 of the Dungeon.
             The game lasted 00:06:35 (1437 turns).

saintsgambit the Twirler (Minotaur Gladiator)       Turns: 1437, Time: 00:06:36

Health: 0/45       AC:  3    Str: 20    XL:     5   Next: 3%
Magic:  4/4        EV: 13    Int:  6    God:
Gold:   160        SH:  0    Dex: 10    Spells: 0 memorised, 4 levels left

rFire  . . .     SeeInvis .     a - +0 quarterstaff
rCold  . . .     Gourm    .     b - +0 leather armour
rNeg   . . .     Faith    .     (shield currently unavailable)
rPois  .         Spirit   .     c - +0 hat
rElec  .         Dismiss  .     (no cloak)
rCorr  .         Reflect  .     (no gloves)
SustAt .         Harm     .     (no boots)
MR     .....                    (no amulet)
Stlth  +.........               (no ring)
                                (no ring)

@: not resistant to hostile enchantments, very unstealthy
A: retaliatory headbutt, horns 2
a: no special abilities


You were on level 3 of the Dungeon.
You were not hungry.

You visited 1 branch of the dungeon, and saw 3 of its levels.

You collected 160 gold pieces.

Inventory:

Hand Weapons
 a - a +0 quarterstaff (weapon)
Missiles
 d - a throwing net (quivered)
Armour
 b - a +0 leather armour (worn)
 c - a +0 hat (worn)
 k - a +0 ring mail
 u - a +0 hat
Wands
 s - a wand of slowing (13/48)
Scrolls
 g - a scroll of blinking {unknown}
 h - a scroll of noise {unknown}
 i - 2 scrolls of amnesia {unknown}
 j - 2 scrolls of identify {unknown}
 n - 2 scrolls of teleportation {unknown}
 q - a scroll of enchant armour {unknown}
 r - a scroll of remove curse {unknown}
 w - a scroll of random uselessness {unknown}
Potions
 e - 2 potions of mutation {unknown}
 l - 2 potions of flight {unknown}
 m - a potion of curing {unknown}
 o - a potion of agility {unknown}
 t - a potion of lignification {unknown}
 v - a potion of heal wounds {unknown}
Comestibles
 f - 4 bread rations
 p - a beef jerky


   Skills:
 + Level 3.3 Fighting
 + Level 4.6 Staves
 + Level 2.1 Throwing
 + Level 2.6 Armour
 + Level 4.4 Dodging


You had 4 spell levels left.
You didn't know any spells.

Dungeon Overview and Level Annotations

Branches:
Dungeon (3/15)

Altars:
Pakellas
The Shining One


Innate Abilities, Weirdness & Mutations

You reflexively headbutt those who attack you in melee.
You have a pair of horns on your head.


Message History

You hit the orc wizard but do no damage.
The orc wizard is almost dead.
The orc wizard gestures wildly while chanting.
The orc wizard flickers and vanishes!
Deactivating autopickup; reactivate with Ctrl-A.
You closely miss something.
You hear some strange, mumbled words.
A puff of flame appears from out of thin air!
The puff of flame hits you!
* * * LOW HITPOINT WARNING * * *
Something hits you but does no damage.
Throwing (i - inventory):
d - 2 throwing nets (quivered)
Press: ? - help, Shift-Dir - straight line, f - jackal
Aim: a jackal You throw a throwing net.
The throwing net closely misses the jackal.
The throwing net closely misses the orc.
The throwing net hits the orc.
The orc is caught in the net!
Something hits you.
You die...

.##..##......##..........##...###
.....#.......##..........##......
..##..........#.......###########
#..........o..#......##### #
#..#.........#####... #.## #
###........s[.# ###.##..##
†.............# ###...##
#####........o###### ###....#####
#....(..ooh{@..###.#..#......
#........s#######._..#######.
#.........# ##.#..#......
#.........# ###...)#####
##.......## #...## ##.....##
#..## ####### #.## ###


You could see 3 orcs, a jackal and a giant cockroach.

Vanquished Creatures
  4 gnolls (D:3)
  3 adders (D:2)
  2 worms
  2 dart slugs (D:2)
  2 giant geckos
  3 orcs (D:3)
  6 bats
  3 giant cockroaches
  7 goblins
  7 hobgoblins
  3 jackals (D:3)
  A quokka (D:3)
  A ball python (D:1)
  A giant newt (D:2)
  8 kobolds
  7 rats
60 creatures vanquished.

Notes
Turn   | Place    | Note
--------------------------------------------------------------
     0 | D:1      | saintsgambit the Minotaur Gladiator began the quest for the Orb.
     0 | D:1      | Reached XP level 1. HP: 18/18 MP: 0/0
   157 | D:1      | Reached XP level 2. HP: 18/25 MP: 1/1
   538 | D:2      | Reached XP level 3. HP: 10/30 MP: 2/2
   880 | D:2      | Reached skill level 1 in Armour
   880 | D:2      | Reached XP level 4. HP: 36/38 MP: 3/3
  1029 | D:2      | Found an oddly glowing altar of Pakellas.
  1286 | D:3      | Found a glowing golden altar of the Shining One.
  1408 | D:3      | Reached XP level 5. HP: 23/45 MP: 4/4
  1436 | D:3      | HP: 1/45 [something/puff of flame (9)]
  1437 | D:3      | Slain by an orc wizard

Skill      XL: |  1  2  3  4 |
---------------+-------------+-----
Staves         | 4 |  4.6
Dodging        | 4 |  4.4
Fighting       | 3 |  3.3
Armour         | 1 2 |  2.6
Throwing       | |  2.1

Action                   |  1- 3 |  4- 6 || total
-------------------------+-------+-------++-------
Melee: Quarterstaff      |    63 |    58 ||   121
       Headbutt          |     7 |     6 ||    13
Throw: Throwing net      |       |     2 ||     2
  Eat: Bread ration      |       |     1 ||     1
Armor: Leather armour    |    14 |    16 ||    30
Dodge: Dodged            |    58 |    52 ||   110
